 Dungeon Crawl Stone Soup version 0.27-a0-887-gcab673c142 (webtiles) character file.

Game seed: 547806221861153565

61291 bomjara the Warrior (level 15, 79/121 HPs)
             Began as a Djinni Earth Elementalist on Apr 3, 2021.
             Was a High Priest of Makhleb.
             Quit the game on level 6 of the Lair of Beasts on Apr 4, 2021.
             The game lasted 01:00:48 (23838 turns).

bomjara the Warrior (Djinni Earth Elementalist)    Turns: 23838, Time: 01:00:48

Health: 79/121     AC: 10    Str:  7    XL:     15   Next: 2%
Gold:   1296       EV: 24    Int: 24    God:    Makhleb [*****.] SH:  6 Dex: 22

rFire    + + .     SeeInvis .   v - staff of earth
rCold    . . .     Faith    .   k - +0 buckler
rNeg     . . .     Spirit   .   I - +2 robe {rC+}
rPois    ∞         Reflect  .   L - +2 hat {Int+3}
rElec    .         Harm     .   p - +1 cloak
rCorr    .         Rampage  .   B - +1 pair of gloves
Will     +....                  (boots unavailable)
Stlth    ++........             (no amulet)
HPRegen  0.30/turn              o - +6 ring of dexterity
MPRegen  0.00/turn              (no ring)

@: flying
A: fire resistance 2, cold vulnerability 1, float, innate caster, hp casting,
extra vitality 1
a: Renounce Religion, Minor Destruction, Lesser Servant of Makhleb, Major
Destruction, Greater Servant of Makhleb


You were on level 6 of the Lair of Beasts.
You worshipped Makhleb.
Makhleb was extremely pleased with you.
You visited 3 branches of the dungeon, and saw 17 of its levels.
You also visited: Sewer.

You collected 1480 gold pieces.
You spent 184 gold pieces at shops.

Inventory:

Hand Weapons
 a - a +1 dagger
Missiles
 n - a curare-tipped dart
 t - 33 stones
 K - 6 throwing nets
Armour
 k - a +0 buckler (worn)
 p - a +1 cloak (worn)
 B - a +1 pair of gloves (worn)
 I - a +2 robe of cold resistance (worn)
 L - a +2 hat of intelligence (worn)
Magical Staves
 v - a staff of earth (weapon)
Jewellery
 l - a +4 ring of evasion
 o - a +6 ring of dexterity (left hand)
Wands
 c - a wand of random effects (42)
 d - a wand of digging (7)
 s - a wand of flame (38)
 u - a wand of polymorph (7)
 A - a wand of iceblast (5)
 D - a wand of paralysis (12)
 M - a wand of acid (9)
Scrolls
 b - 6 scrolls of enchant weapon
 f - 5 scrolls of fog
 i - a scroll of immolation
 j - a scroll of vulnerability
 r - 5 scrolls of identify
 C - a scroll of silence
 E - a scroll of torment
 F - 2 scrolls of magic mapping
 G - a scroll of fear
 H - a scroll of enchant armour
Potions
 e - 3 potions of lignification
 g - a potion of mutation
 h - 3 potions of haste
 m - 4 potions of brilliance
 q - 9 potions of curing
 w - 6 potions of heal wounds
 x - 4 potions of attraction
 y - 6 potions of might
 z - 9 potions of ambrosia
 J - a potion of cancellation
 N - a potion of invisibility


   Skills:
 + Level 16.1 Fighting
 - Level 15.0 Dodging
 - Level 1.5 Stealth
 - Level 4.0 Shields
 - Level 11.1 Spellcasting


You couldn't memorise any spells.
You knew the following spells:

 Your Spells              Type           Power      Damage    Failure   Level
a - Lee's Rapid Deconstr  Erth           39%        3d20*     1%          5
b - Stone Arrow           Conj/Erth      100%       3d13      1%          3
c - Sandblast             Erth           100%       2d20      1%          1
d - Petrify               Tmut/Erth      79%        N/A       1%          4
e - Passwall              Tmut/Erth      65%        N/A       1%          2
f - Summon Small Mammal   Summ           100%       N/A       1%          1
g - Call Imp              Summ           61%        N/A       1%          2
h - Tukima's Dance        Hex            61%        N/A       1%          3
i - Portal Projectile     Hex/Tloc       100%       N/A       1%          3
j - Alistair's Intoxicat  Tmut/Pois      40%        N/A       1%          5
k - Summon Mana Viper     Hex/Summ       61%        N/A       1%          5
l - Dispersal             Tloc           30%        N/A       8%          6
Your spell library was empty.

Dungeon Overview and Level Annotations

Branches:
Dungeon (11/15)            Temple (1/1) D:4            Lair (4/6) D:9
 Shoals (0/4) Lair:4        Snake (0/4) Lair:2        Slime (0/5) Lair:6
  Sewer (visited)
    Orc: D:9-12

Altars:
Cheibriados
Dithmenos
Elyvilon
Fedhas
Gozag
Hepliaklqana
Makhleb
Okawaru
Qazlal
Ru
Sif Muna
Trog
Uskayaw
Vehumet
Xom
Yredelemnul
Zin
The Shining One
Jiyva

Shops:
D:1 (   D:10 [

Annotations:
D:9 3 runed translucent doors, kae's ghost, novice NaTm
Lair:3 3 runed translucent doors, WasteTime5's ghost, journeyman DjFE
Lair:6 2 runed translucent doors


Innate Abilities, Weirdness & Mutations

You are immune to poison.
Your flesh is very heat resistant. (rF++)
You are vulnerable to cold. (rC-)
You float through the air rather than walking.
You learn spells naturally, not from books.
Your magical power is your life essence.
You have superior vitality. (+4 HP)


Message History

Press: ? - help, Dir - move target A rock wall.
You feel a surge of power!
The wall shatters!
The blast of rock fragments hits the komodo dragon!
The komodo dragon is almost dead.
You hear a bark!
You take 4 damage, and have 76/121 hp.
Casting: Lee's Rapid Deconstruction (mildly dangerous; 1% risk of failure)
Confirm with . or Enter, or press ? or * to list all spells.
You can't see any susceptible monsters within range! (Use Z to cast anyway.)
Casting: Lee's Rapid Deconstruction (mildly dangerous; 1% risk of failure)
Confirm with . or Enter, or press ? or * to list all spells.
Aiming: Lee's Rapid Deconstruction (mildly dangerous; 1% risk of failure)
Press: ? - help, Dir - move target A rock wall.
You feel a surge of power!
The wall shatters!
The blast of rock fragments hits the komodo dragon!!
You kill the komodo dragon!
Makhleb accepts your kill.
You feel better.
You hear an angry hiss.
You regained 7 hp, and now have 83/121 hp.
A hell hound is nearby!
Casting: Lee's Rapid Deconstruction (mildly dangerous; 1% risk of failure)
Confirm with . or Enter, or press ? or * to list all spells.
Aiming: Lee's Rapid Deconstruction (mildly dangerous; 1% risk of failure)
Press: ? - help, Dir - move target A rock wall.
You feel a surge of power!
The wall shatters!
The blast of rock fragments hits the hell hound!!!
You kill the hell hound!
Makhleb accepts your kill.
You take 4 damage, and have 79/121 hp.
Casting: Lee's Rapid Deconstruction (mildly dangerous; 1% risk of failure)
Confirm with . or Enter, or press ? or * to list all spells.
You can't see any susceptible monsters within range! (Use Z to cast anyway.)
Aiming: Stone Arrow (safe; 1% risk of failure)
Press: ? - help, Q - select action, (/) - cycle Shift-Dir - straight line, f - you
Okay, then.
Are you sure you want to abandon this character and quit the game? (Confirm with "yes".)

≈§≈≈≈# ##§§# # §9#8#
###### ## #####. #####
##..#.. #####...#
#...... # ###.......#
##.....
#..#.........#####......
.............#.##.#.....
.)..†..@......###.......
####........).........#.
##........###P...#...
#..####### ##...###. ###
##P## # ###


There were no monsters in sight!

Vanquished Creatures
  Gastronok (Lair:3)
  2 boulder beetles (Lair:6)
  Harold (D:10)
  Fannar (Lair:2)
  4 hydras (Lair:3)
  A two-headed ogre (D:9)
  5 death yaks (Lair:6)
  Nergalle (D:10)
  A deep elf pyromancer (D:9)
  3 ugly things (D:9)
  Pikel (D:6)
  A cyclops (D:11)
  A manticore (D:10)
  A slime creature (D:9)
  10 elephants
  Maurice (D:9)
  A guardian serpent (Lair:2)
  3 black mambas
  Joseph (D:7)
  A molten gargoyle (Lair:6)
  6 komodo dragons
  13 cane toads
  A troll (D:10)
  3 meliai (Lair:6)
  A nameless horror (D:9)
  2 hornets
  21 blink frogs
  Prince Ribbit (D:9)
  9 dream sheep (Lair:6)
  A shadow (D:11)
  A wraith (D:9)
  5 basilisks
  8 wyverns
  22 yaks
  2 steam dragons
  3 vampire mosquitoes (D:10)
  3 hell hounds (Lair:6)
  2 acid dragons (D:10)
  18 water moccasins
  7 orc warriors
  4 sky beasts
  2 black bears
  12 wolves
  5 centaurs
  3 kobold brigands
  7 bullfrogs
  A gnoll sergeant (D:7)
  3 scorpions
  A water moccasin zombie (D:5)
  2 water moccasin skeletons (D:7)
  4 killer bees
  A wyvern skeleton (D:6)
  5 electric eels
  14 howler monkeys
  5 centaur zombies
  2 bullfrog zombies (D:6)
  5 hounds
  5 orc priests
  A bullfrog skeleton (D:4)
  A centaur skeleton (D:4)
  2 iguanas
  7 orc wizards
  2 howler monkey zombies
  12 gnolls
  9 adders
  2 white imps
  A worm (D:5)
  2 dart slugs
  28 orcs
  7 ball pythons
  2 bats
  10 endoplasms
  A giant cockroach (D:3)
  6 goblins
  9 hobgoblins
  5 jackals
  4 quokkas
  2 frilled lizards
  15 kobolds
  8 rats
  A spectral hobgoblin (D:3)
  A butterfly (Lair:4)
389 creatures vanquished.

Vanquished Creatures (collateral kills)
  Snorg (Lair:2)
  A two-headed ogre (D:9)
  A death yak (Lair:6)
  2 ugly things (D:9)
  A black mamba (Lair:3)
  A komodo dragon (Lair:2)
  2 cane toads (Lair:2)
  Psyche (D:9)
  A polar bear (Lair:3)
  A troll (D:11)
  6 blink frogs
  2 slime creatures (D:9)
  A meliai zombie (D:11)
  11 yaks
  2 vampire mosquitoes (D:11)
  A water moccasin (Lair:3)
  An orc warrior (D:9)
  2 black bears
  3 wolves (Lair:2)
  A kobold brigand (Sewer)
  3 bullfrogs (Lair:3)
  A howler monkey (D:9)
  A hound (D:4)
  Crazy Yiuf (D:3)
  An orc priest (D:9)
  An orc wizard (D:9)
  3 gnolls (D:4)
  3 orcs
  A goblin (D:4)
  5 kobolds (Sewer)
  A bush (Lair:2)
63 creatures vanquished.

Vanquished Creatures (others)
  A dancing weapon (D:9)
  3 bushes (Lair:6)
  25 fungi
  154 plants
183 creatures vanquished.

Grand Total: 635 creatures vanquished

Notes
Turn   | Place    | Note
-------+----------+-------------------------------------------
     0 | D:1      | bomjara the Djinni Earth Elementalist began the quest for
                  | the Orb.
     0 | D:1      | Reached XP level 1. HP: 15/15 MP: 0/0
   140 | D:1      | Reached skill level 1 in Fighting
   398 | D:1      | Reached XP level 2. HP: 20/22 MP: 0/0
   451 | D:1      | Found a faded altar of an unknown god.
   959 | D:1      | Reached skill level 2 in Fighting
  1018 | D:1      | Found Nuask's Antique Weapon Emporium.
  1339 | D:2      | Reached XP level 3. HP: 18/29 MP: 0/0
  1339 | D:2      | Learned a level 1 spell: Summon Small Mammal
  2264 | D:3      | Reached skill level 3 in Fighting
  2264 | D:3      | Reached XP level 4. HP: 28/35 MP: 0/0
  2436 | D:3      | Found a glowing drain.
  2445 | Sewer    | Entered a sewer
  2692 | Sewer    | Reached skill level 4 in Fighting
  2810 | Sewer    | Noticed a kobold brigand
  2849 | Sewer    | Killed a kobold brigand
  2850 | Sewer    | Reached XP level 5. HP: 4/42 MP: 0/0
  2850 | Sewer    | Learned a level 2 spell: Call Imp
  3161 | Sewer    | Noticed a kobold brigand
  3174 | Sewer    | Killed a kobold brigand
  3175 | Sewer    | Reached skill level 5 in Fighting
  3268 | Sewer    | Noticed a kobold brigand
  3289 | Sewer    | Killed a kobold brigand
  3290 | Sewer    | Reached XP level 6. HP: 39/49 MP: 0/0
  3596 | D:3      | Found a hazy altar of Hepliaklqana.
  3714 | D:3      | Found a runed translucent door.
  3715 | D:3      | Noticed Crazy Yiuf
  3741 | D:3      | Killed Crazy Yiuf
  4703 | D:4      | Found a staircase to the Ecumenical Temple.
  4711 | D:4      | Reached XP level 7. HP: 54/55 MP: 0/0
  4711 | D:4      | Learned a level 3 spell: Tukima's Dance
  4719 | Temple   | Entered the Ecumenical Temple
  4828 | Temple   | Became a worshipper of Makhleb the Destroyer
  4924 | D:4      | Reached skill level 6 in Fighting
  5749 | D:5      | Entered Level 5 of the Dungeon
  6077 | D:5      | Identified Sif Muna's Grimoire of Earthen Translocation
  6082 | D:5      | Found a bloodstained altar of Trog.
  6657 | D:5      | Reached skill level 7 in Fighting
  6657 | D:5      | Reached skill level 5 in Spellcasting
  6657 | D:5      | Reached XP level 8. HP: 36/64 MP: 0/0
  7176 | D:5      | Found an iron altar of Okawaru.
  7176 | D:5      | Found a glowing golden altar of the Shining One.
  7176 | D:5      | Found a sacrificial altar of Ru.
  7948 | D:6      | Reached skill level 8 in Fighting
  8386 | D:6      | Noticed Pikel
  8414 | D:6      | Killed Pikel
  8415 | D:6      | Reached XP level 9. HP: 41/71 MP: 0/0
  8415 | D:6      | Learned a level 3 spell: Portal Projectile
  8674 | D:6      | Reached skill level 9 in Fighting
  8971 | D:7      | Reached * piety under Makhleb
  9332 | D:7      | Noticed Joseph
  9340 | D:7      | Killed Joseph
  9881 | D:7      | Reached skill level 10 in Fighting
  9889 | D:7      | Reached skill level 1 in Shields
 10266 | D:7      | Found a snail-covered altar of Cheibriados.
 10830 | D:8      | Reached XP level 10. HP: 77/80 MP: 0/0
 12019 | D:9      | Found a staircase to the Lair.
 12019 | D:9      | Noticed a two-headed ogre
 12027 | D:9      | Reached ** piety under Makhleb
 12031 | D:9      | Reached skill level 11 in Fighting
 12040 | D:9      | Killed a two-headed ogre
 12041 | D:9      | Reached skill level 12 in Fighting
 12065 | D:9      | Reached XP level 11. HP: 38/90 MP: 0/0
 12065 | D:9      | Learned a level 5 spell: Summon Mana Viper
 12637 | D:9      | Noticed a deep elf pyromancer
 12643 | D:9      | Noticed a two-headed ogre
 12644 | D:9      | Killed a deep elf pyromancer
 12645 | D:9      | Reached skill level 13 in Fighting
 12649 | D:9      | Killed a two-headed ogre
 12877 | D:9      | Found an iron altar of Okawaru.
 12959 | D:9      | Noticed Psyche
 12962 | D:9      | Noticed Prince Ribbit
 12968 | D:9      | Killed Psyche
 12971 | D:9      | Killed Prince Ribbit
 13181 | D:9      | Noticed Maurice
 13197 | D:9      | Killed Maurice
 13197 | D:9      | Reached *** piety under Makhleb
 13421 | D:9      | Found an opulent altar of Gozag.
 13511 | D:9      | Found a glowing silver altar of Zin.
 13542 | D:9      | Found a runed translucent gate.
 13543 | D:9      | Found a runed translucent gate.
 13543 | D:9      | Noticed a cyan ugly thing
 13546 | D:9      | Found a runed translucent gate.
 13548 | D:9      | Noticed a green ugly thing
 13548 | D:9      | Noticed a white ugly thing
 13548 | D:9      | Noticed a purple ugly thing
 13548 | D:9      | Noticed a green ugly thing
 14230 | D:10     | Entered Level 10 of the Dungeon
 14230 | D:10     | Noticed a manticore
 14236 | D:10     | Killed a manticore
 14506 | D:9      | Killed a green ugly thing
 14507 | D:9      | Reached skill level 14 in Fighting
 14516 | D:9      | Killed a green ugly thing
 14525 | D:9      | Killed a green ugly thing
 14525 | D:9      | Killed a green ugly thing
 14527 | D:9      | Killed a white ugly thing
 14601 | D:9      | Found a runed translucent gate.
 14601 | D:9      | Found a runed translucent gate.
 14604 | D:9      | Noticed a salamander
 14607 | D:9      | Found a runed translucent gate.
 14607 | D:9      | Noticed kae's ghost (novice NaTm)
 14612 | D:9      | Noticed a death drake
 14612 | D:9      | a salamander changed into a death drake
 15086 | D:10     | Noticed Harold
 15093 | D:10     | Killed Harold
 15246 | D:10     | Reached skill level 15 in Fighting
 15674 | D:10     | Noticed Nergalle
 15679 | D:10     | Killed Nergalle
 15680 | D:10     | Reached XP level 12. HP: 54/102 MP: 0/0
 15944 | D:10     | Found Koisineuno's Armour Shop.
 15947 | D:10     | Bought a +1 pair of gloves for 184 gold pieces
 16009 | D:10     | Identified the +6 scale mail of the Kangaroo {rC+ Dex+4}
 16541 | D:10     | Reached XP level 13. HP: 107/107 MP: 0/0
 16541 | D:10     | Learned a level 5 spell: Alistair's Intoxication
 16893 | D:11     | Reached skill level 5 in Dodging
 17296 | D:11     | Identified a scroll of acquirement
 17297 | D:11     | Acquired 382 gold pieces
 17381 | Lair:1   | Entered Level 1 of the Lair of Beasts
 17388 | Lair:1   | Found a snail-covered altar of Cheibriados.
 17489 | Lair:1   | Reached **** piety under Makhleb
 18944 | Lair:2   | Noticed Fannar
 18956 | Lair:2   | Killed Fannar
 19381 | Lair:2   | Found a staircase to the Snake Pit.
 19451 | Lair:2   | Reached skill level 10 in Dodging
 20179 | Lair:3   | Noticed Snorg
 20198 | Lair:2   | Killed Snorg
 20415 | Lair:3   | Noticed Gastronok
 20425 | Lair:3   | Killed Gastronok
 20433 | Lair:3   | Noticed WasteTime5's ghost (journeyman DjFE)
 20785 | Lair:3   | Reached XP level 14. HP: 58/114 MP: 0/0
 21188 | Lair:3   | Found a runed translucent gate.
 21189 | Lair:3   | Found a runed translucent gate.
 21190 | Lair:3   | Found a runed translucent gate.
 22075 | Lair:4   | Reached ***** piety under Makhleb
 22483 | Lair:4   | Found a staircase to the Shoals.
 22677 | Lair:4   | You are sucked into a shaft and drop 2 floors!
 22677 | Lair:6   | Entered Level 6 of the Lair of Beasts
 22690 | Lair:6   | Found a large runed translucent door.
 22690 | Lair:6   | Found a large runed translucent door.
 22844 | Lair:6   | Reached skill level 15 in Dodging
 23569 | Lair:6   | Found a staircase to the Slime Pits.
 23570 | Lair:6   | Found a viscous altar of Jiyva.
 23611 | Lair:6   | Reached skill level 16 in Fighting
 23636 | Lair:6   | Reached XP level 15. HP: 45/121 MP: 0/0
 23636 | Lair:6   | Learned a level 6 spell: Dispersal
 23838 | Lair:6   | Quit the game

Illustrated notes

Levels and vault maps discovered:
D:1:      dpeg_chamrin_arrival_tetris, layout_loops_ring, serial_shops,
          nicolae_shop_stone, basic_ecumenical_altar
D:2:      layout_basic, kennysheep_generic_room_4
D:3:      layout_rooms, nicolae_hepliaklqana_monster_ancestors,
          portal_sewer_entry_d, palyth_stone_intersect, uniq_crazy_yiuf_cottage
D:4:      layout_loops_corners, minmay_temple_entry_junction_2,
          kennysheep_big_empty_room
D:5:      layout_layer_cave, nzn_overflow_gifts_of_might_and_magic,
          gammafunk_temple_overflow_claw
D:6:      lemuel_ice_spiral_2, layout_rooms, vehumet_altar_wand_db,
          serial_glass, glass_columns_a, glass_columns_c, chequers_big_river,
          uniq_pikel
D:7:      layout_layer_cave, kennysheep_little_box, minmay_bent, uniq_joseph
D:8:      layout_basic, nicolae_overflow_hidden_temple
D:9:      layout_gridville, pdpol_temple_overflow_zin_treasury_gozag_greed,
          minmay_lair_entry_grove, ploomutoo_gammafunk_ghost_potion_laboratory,
          minmay_ruined_shrine, uniq_maurice, uniq_prince_ribbit1, uniq_psyche
D:10:     layout_loops_ring, serial_shops, kennysheep_mini, minmay_orc_keep,
          uniq_harold, uniq_nergalle
D:11:     layout_roguey, kennysheep_windowed_goal
Temple:   minmay_temple_curvy_loop
Lair:1:   layout_regular_city, basic_altar, serial_bayou_shore_a
Lair:2:   layout_regular_city, minmay_snake_entry_spellcaster, serial_rivers,
          chequers_serial_rivers_large_a, chequers_serial_rivers_room_b,
          chequers_serial_rivers_micro_d, chequers_serial_rivers_small_3,
          uniq_fannar
Lair:3:   layout_roguey, gammafunk_ghost_split, minivault_27, uniq_gastronok,
          uniq_snorg
Lair:4:   layout_gridlike, minmay_shoals_entry_centaurs, lemuel_fruit_tree,
          lemuel_fruit_fields
Lair:6:   cheibrodos_lair_end_hotspot, layout_gridlike, slime_altar_1,
          serial_forest, infiniplex_forest_straight_3,
          infiniplex_forest_clump_double, infiniplex_forest_straight_4,
          infiniplex_forest_end_3, infiniplex_forest_clump_large,
          infiniplex_forest_clump_tiny, infiniplex_forest_diagonal,
          infiniplex_forest_lined_room_3, special_room [special_room_bee]

Skill      XL: |  1  2  3  4  5  6  7  8  9 10 11 12 13 14 |
---------------+-------------------------------------------+-----
Fighting       | 1 2 3 4 5 7 8 10 12 15 16 | 16.1
Spellcasting   | 3 5 6 8 11 | 11.1
Shields        | 3 4 |  4.0
Dodging        | 4 11 15 | 15.0
Stealth        | |  1.5

Action                   |  1- 3 |  4- 6 |  7- 9 | 10-12 | 13-15 || total
-------------------------+-------+-------+-------+-------+-------++-------
Melee: Dagger            |     3 |     2 |    10 |       |       ||    15
       Unarmed           |     2 |       |       |       |       ||     2
       Staff             |       |       |       |       |     2 ||     2
 Cast: Sandblast         |    64 |    83 |     5 |    13 |       ||   165
       Petrify           |       |     4 |    13 |    16 |    14 ||    47
       Stone Arrow       |       |     1 |    94 |    36 |   130 ||   261
       Call Imp          |       |    29 |     6 |     5 |       ||    40
       Tukima's Dance    |       |       |     5 |     5 |       ||    10
       Lee's Rapid Decon |       |       |    21 |   103 |   172 ||   296
       Summon Small Mamm |       |       |       |     1 |       ||     1
       Summon Mana Viper |       |       |       |    24 |    52 ||    76
       Passwall          |       |       |       |     4 |       ||     4
       Alistair's Intoxi |       |       |       |       |     8 ||     8
       Dispersal         |       |       |       |       |     1 ||     1
Evoke: Wand              |       |       |     4 |       |    10 ||    14
  Use: Scroll            |     6 |       |    16 |     2 |     9 ||    33
       Potion            |       |       |       |     2 |     1 ||     3
 Stab: Petrified         |       |       |    10 |       |       ||    10
Armor: Robe              |     2 |     4 |     7 |     1 |    27 ||    41
Dodge: Dodged            |    15 |    30 |    16 |    22 |   125 ||   208
Block: Buckler           |       |       |       |    12 |    43 ||    55

Table legend: (Time is in decaauts)
 A = Elapsed time spent in this place.
 B = Non-inter-level travel time spent in this place.
 C = Inter-level travel time spent in this place.
 D = Time resting spent in this place.
 E = Time spent auto-exploring this place.
 F = Levels seen in this place.
 G = Mean time per level.
                   A        B        C        D        E       F      G
               +--------+--------+--------+--------+--------+-----+--------+
         Total |  23854 |  23019 |    835 |    926 |  19395 |  18 | 1325.2 |
       Dungeon |  16305 |  15659 |    646 |    751 |  13243 |  11 | 1482.3 |
        Temple |    154 |     91 |     63 |      0 |     90 |   1 |  154.0 |
          Lair |   6468 |   6343 |    125 |    175 |   5301 |   5 | 1293.6 |
         Sewer |    925 |    925 |      0 |      0 |    761 |   1 |  925.0 |
               +--------+--------+--------+--------+--------+-----+--------+

Top non-repeatable levels by time:
     D:9: 2743 daAuts
  Lair:2: 2145 daAuts
     D:7: 2106 daAuts
     D:5: 1763 daAuts
    D:10: 1722 daAuts
     D:6: 1492 daAuts
     D:4: 1417 daAuts
     D:1: 1274 daAuts
  Lair:1: 1271 daAuts
  Lair:3: 1201 daAuts
  Lair:6: 1161 daAuts
     D:3: 1074 daAuts
     D:8: 1065 daAuts
   Sewer: 925 daAuts
     D:2: 903 daAuts
